 Dungeon Crawl Stone Soup version 0.29.0-4-gdea44cf6ec (webtiles) character file.

Game seed: 9474427737444390698

11 qw the Chopper (level 2, 0/17 HPs)
             Began as a Tengu Warper on Aug 28, 2022.
             Succumbed to their own poison gas
             ... on level 1 of the Dungeon.
             The game lasted 00:00:02 (647 turns).

qw the Chopper (Tengu Warper)                        Turns: 647, Time: 00:00:03

Health: 0/17       AC:  5    Str: 11    XL:     2   Next: 25%
Magic:  6/6        EV: 10    Int: 13    God:
Gold:   53         SH:  0    Dex: 13    Spells: 5/5 levels left

rFire   . . .      SeeInvis .   Y - +0 hand axe
rCold   . . .      Faith    .   (no shield)
rNeg    . . .      Spirit   .   j - +0 ring mail
rPois   .          Reflect  .   (helmet restricted)
rElec   .          Harm     .   (no cloak)
rCorr   .          Rampage  .   (no gloves)
Will    .....                   (boots unavailable)
Stlth   +.........              (no amulet)
HPRegen 0.05/turn               (no ring)
MPRegen 0.10/turn               (no ring)

@: lethally poisoned (0 -> -4)
A: beak, talons 3
a: no special abilities


You were on level 1 of the Dungeon.
You visited 1 branch of the dungeon, and saw 1 of its levels.

You collected 53 gold pieces.


Innate Abilities, Weirdness & Mutations

You have a beak for a mouth.
You have claws for feet.


   Skills:
 - Level 2.0 Fighting
 + Level 3.2 Axes
 - Level 1.0 Throwing
 - Level 1.1 Armour
 - Level 2.1 Dodging
 - Level 2.0 Spellcasting
 - Level 2.4 Translocations


You had 5 spell levels left.
You didn't know any spells.
Your spell library contained the following spells:

 Spells                   Type           Power      Damage    Failure   Level
 Blink                    Tloc           14%        N/A       34%         2
 Gell's Gravitas          Tloc           7%         N/A       56%         3
 Lesser Beckoning         Tloc           7%         N/A       56%         3
 Teleport Other           Tloc           7%         N/A       56%         3
 Manifold Assault         Tloc           7%         N/A       99%         5

Inventory:

Hand Weapons
 e - a +0 whip
 Y - a +0 hand axe (weapon)
Armour
 j - a +0 ring mail (worn)

Dungeon Overview and Level Annotations

Branches:
Dungeon (1/15)

Altars:


Message History

As you read the scroll labelled CUSOPE XISAOSU, it crumbles to dust.
It was a scroll of poison.
Done exploring.
637 ||| READING 2 scrolls labelled OMPUARAROF.
As you read the scroll labelled OMPUARAROF, it crumbles to dust.
It is a scroll of amnesia.
You feel forgetful for a moment.
Done exploring.
638 ||| READING scroll labelled JUPRIPN MAOHE.
As you read the scroll labelled JUPRIPN MAOHE, it crumbles to dust.
It is a scroll of identify.
You don't have any unidentified items.
Done exploring.
639 ||| DROPPING scroll of blinking.
You drop a scroll of blinking.
Done exploring.
640 ||| DROPPING scroll of amnesia.
You drop a scroll of amnesia.
Done exploring.
(D) Dungeon
Where to? (* - list waypoints, ? - help)
What level of the Dungeon? (default 1, ? - help) Sorry, I don't know how to get there.
Done exploring.
641 ||| Stepping randomly (stuck).
Really walk into that cloud of poison gas?
You are engulfed in poison gas.
You are lethally poisoned!
You feel very sick.
642 ||| Stepping ~*~*~tactically~*~*~ (cloud).
You feel very sick.
Things that are here:
a scroll of amnesia; a scroll of blinking; a +0 leather armour
There is a lethal amount of poison in your body!
You feel sick.
There is a lethal amount of poison in your body!
You feel sick.
There is a lethal amount of poison in your body!
You feel sick.
There is a lethal amount of poison in your body!
You feel sick.
There is a lethal amount of poison in your body!
You die...

..#..#.##.#.#.#.#
###..#.##.#.#.#.####
# #..#..#.#.#.#....#
# #..####.#.#.###.##
# #.......#.%......#
###+##########.#####
.......# #.#
.......# #.#####
.......# #¤0@00#
.......# ###.###
'##'#### #.#
.#.....# ####0#
.#..##.# #.##0#
.#..##.# #..0¤#
##..##.# #.####
#..##.# #.#
#..##.######.#


There were no monsters in sight!

Vanquished Creatures
  2 endoplasms (D:1)
  A giant cockroach (D:1)
  A hobgoblin (D:1)
  A quokka (D:1)
  2 ball pythons (D:1)
  2 bats (D:1)
  A kobold (D:1)
10 creatures vanquished.

Notes
Turn   | Place    | Note
-------+----------+-------------------------------------------
     0 | D:1      | qw the Tengu Warper began the quest for the Orb.
     0 | D:1      | Reached XP level 1. HP: 12/12 MP: 4/4
     0 | D:1      | 0 ||| qw: Version: 0.1-a-89-g26bdef1
     0 | D:1      | 0 ||| qw: Game counter: 1502
     0 | D:1      | 0 ||| qw: Always use a shield: true
     0 | D:1      | 0 ||| qw: God list: Okawaru
     0 | D:1      | 0 ||| qw: Allow faded altars: false
     0 | D:1      | 0 ||| qw: Do Orc after D:15 true
     0 | D:1      | 0 ||| qw: Do second Lair branch before Depths: true
     0 | D:1      | 0 ||| qw: Lair rune preference: random
     0 | D:1      | 0 ||| qw: Plans: Normal
     0 | D:1      | 0 ||| PLANNING D:1-11
   398 | D:1      | Reached skill level 3 in Axes
   398 | D:1      | Reached XP level 2. HP: 17/17 MP: 6/6
   623 | D:1      | 623 ||| UPGRADING to +0 ring mail.
   633 | D:1      | 633 ||| DROPPING +0 leather armour.
   634 | D:1      | 634 ||| READING scroll labelled ILEATHRIRRI.
   635 | D:1      | 635 ||| READING scroll labelled UHIZAXA BEPEGY.
   636 | D:1      | 636 ||| READING scroll labelled CUSOPE XISAOSU.
   637 | D:1      | 637 ||| READING 2 scrolls labelled OMPUARAROF.
   638 | D:1      | 638 ||| READING scroll labelled JUPRIPN MAOHE.
   639 | D:1      | 639 ||| DROPPING scroll of blinking.
   640 | D:1      | 640 ||| DROPPING scroll of amnesia.
   641 | D:1      | 641 ||| Stepping randomly (stuck).
   642 | D:1      | 642 ||| Stepping ~*~*~tactically~*~*~ (cloud).
   644 | D:1      | HP: 4/17 [poisoned by you (poison gas)]
   646 | D:1      | HP: 1/17 [poisoned by you (poison gas)]
   647 | D:1      | Succumbed to their own poison gas

Levels and vault maps discovered:
D:1:      roderic_dead_forest, layout_basic

Skill      XL: |  1 |
---------------+----+-----
Axes           | 3 |  3.2
Fighting       | |  2.0
Throwing       | |  1.0
Armour         | |  1.1
Dodging        | |  2.1
Spellcasting   | |  2.0
Translocations | |  2.4

Action                   || total
-------------------------++-------
Melee: Hand axe          ||    15
       Kick              ||     4
       Peck              ||     2
Throw: Boomerang         ||     7
  Use: Scroll            ||     5
Armor: Leather armour    ||     3
Dodge: Dodged            ||     8

Table legend:
 A = Non-vault XP
 B = Vault XP
 C = Vault XP percentage of total XP
 D = Non-vault monster count
 E = Vault monster count
 F = Vault count percentage of total count
                 A         B        C        D         E       F
            +---------+---------+-------+---------+---------+-------
      Total |      16 |       0 |   0.0 |      10 |       0 |   0.0
            +---------+---------+-------+---------+---------+-------
        D:1 |      16 |       0 |   0.0 |      10 |       0 |   0.0
            +---------+---------+-------+---------+---------+-------
